 Dungeon Crawl Stone Soup version 0.19.5 (webtiles) character file.

111 Ikkuss the Magician (level 4, -4/35 HPs)
             Began as a Hill Orc Wizard on July 11, 2017.
             Slain by a gnoll
             ... wielding a +0 whip
              (7 damage)
             ... on level 3 of the Dungeon.
             The game lasted 00:11:24 (3894 turns).

Ikkuss the Magician (Hill Orc Wizard)               Turns: 3894, Time: 00:11:25

Health: -4/35      AC:  3    Str:  9    XL:     4   Next: 92%
Magic:  6/8        EV: 11    Int: 18    God:
Gold:   227        SH:  0    Dex: 10    Spells: 4 memorised, 0 levels left

rFire  . . .     SeeInvis .     g - +0 dagger
rCold  . . .     Gourm    .     p - +0 leather armour
rNeg   . . .     Faith    .     (no shield)
rPois  .         Spirit   .     b - +0 hat
rElec  .         Reflect  .     (no cloak)
rCorr  .         Harm     .     (no gloves)
MR     .....                    (no boots)
Stlth  +.........               (no amulet)
                                (no ring)
                                (no ring)

@: glowing
A: no striking features
a: no special abilities


You were on level 3 of the Dungeon.
You were not hungry.

You visited 1 branch of the dungeon, and saw 3 of its levels.

You collected 227 gold pieces.

Inventory:

Hand Weapons
 g - a +0 dagger (weapon)
Armour
 b - a +0 hat (worn)
 p - a +0 leather armour (worn)
Scrolls
 f - a scroll of identify
 j - a scroll of amnesia
 m - 2 scrolls of enchant armour {unknown}
 n - a scroll of noise {unknown}
 o - a scroll of fear {unknown}
 q - a scroll of teleportation {unknown}
Potions
 e - 3 potions of brilliance
 k - a potion of magic
 l - a potion of lignification {unknown}
Books
 c - a book of Minor Magic

   Spells                             Type                      Level
   a - Magic Dart                     Conjuration                  1
   b - Blink                          Translocation                2
   c - Call Imp                       Summoning                    2
   d - Repel Missiles                 Charms/Air                   2
   e - Slow                           Hexes                        2
   f - Conjure Flame                  Conjuration/Fire             3
   g - Mephitic Cloud                 Conjuration/Poison/Air       3
Comestibles
 d - 4 bread rations
 i - 2 meat rations


   Skills:
 + Level 1.6 Fighting
 - Level 1.5 Dodging
 - Level 1.5 Stealth
 - Level 3.2 Spellcasting
 * Level 2.6 Conjurations
 + Level 1.0 Charms
   Level 1.0 Summonings
   Level 0.7 Translocations


You couldn't memorise any spells.
You knew the following spells:

 Your Spells              Type           Power        Failure   Level  Hunger
a - Magic Dart            Conj           ##..         10%         1    None
b - Repel Missiles        Chrm/Air       #.....       30%         2    ##.....
c - Mephitic Cloud        Conj/Pois/Air  #.......     52%         3    ###....
d - Conjure Flame         Conj/Fire      #.......     38%         3    ###....


Dungeon Overview and Level Annotations

Branches:
Dungeon (3/15)

Altars:
Fedhas
Yredelemnul

Annotations:
D:3 heiberg's ghost, amateur HEAM


Message History

A kobold comes into view. It is wielding a short sword.
The kobold shouts!
The kobold unwields an uncursed short sword.
The kobold wields a blowgun.
The kobold shoots a poisoned needle.
The poisoned needle misses you.
You see here a poisoned needle.
Heiberg's ghost barely misses you.
A quokka comes into view.
Heiberg's ghost casts a spell at you.
You are outlined in light.
An ooze comes into view.
The kobold shoots a poisoned needle.
The poisoned needle is repelled.
You feel less protected from missiles.
Heiberg's ghost hits you but does no damage.
The ooze quivers.
The kobold shoots a poisoned needle.
The poisoned needle closely misses you. The quokka bites you.
* * * LOW HITPOINT WARNING * * *
The gnoll hits you with a whip!
You die...

......... #........#
#........##
..........####### ########
.....J........... #.......
............(.... #.......
.................##.......
....>...r........##.......
#.....KWg@.......##.......
##......#........##......<
#####..#........##.......
#.g#........##.......
#..#........##.......
##.#........##.......
#..####...########## #..##
##.......## ## #...#
##..###..###.


You could see heiberg's ghost, a gnoll, an ooze, a quokka and a kobold.

Vanquished Creatures
  2 gnolls (D:3)
  3 adders
  An ooze (D:1)
  A leopard gecko (D:1)
  2 orcs (D:3)
  4 giant cockroaches
  8 goblins
  6 hobgoblins
  2 jackals (D:2)
  7 kobolds
  3 quokkas
  2 ball pythons
  5 bats
  5 frilled lizards
  4 rats
  A spectral orc (D:2)
56 creatures vanquished.

Notes
Turn   | Place    | Note
-------+----------+-------------------------------------------
     0 | D:1      | Ikkuss the Hill Orc Wizard began the quest for the Orb.
     0 | D:1      | Reached XP level 1. HP: 14/14 MP: 3/3
   381 | D:1      | Reached XP level 2. HP: 11/20 MP: 2/5
   739 | D:1      | Learned a level 2 spell: Repel Missiles
  1319 | D:1      | Reached XP level 3. HP: 27/27 MP: 1/7
  1714 | D:2      | Reached skill level 3 in Spellcasting
  1956 | D:2      | Found a blossoming altar of Fedhas.
  2395 | D:2      | Reached XP level 4. HP: 24/34 MP: 1/8
  2744 | D:2      | Learned a level 3 spell: Mephitic Cloud
  2748 | D:2      | Learned a level 3 spell: Conjure Flame
  2817 | D:2      | Found a basalt altar of Yredelemnul.
  3188 | D:3      | Reached skill level 1 in Fighting
  3564 | D:3      | Reached skill level 1 in Charms
  3888 | D:3      | Noticed heiberg's ghost (amateur HEAM)
  3894 | D:3      | Slain by a gnoll

Skill      XL: |  1  2  3  4 |
---------------+-------------+-----
Spellcasting   | 3 |  3.2
Conjurations   | 2 |  2.6
Fighting       | 1 |  1.6
Charms         | 1 |  1.0
Dodging        | |  1.5
Stealth        | |  1.5
Summonings     | |  1.0
Translocations | |  0.7

Action                   |  1- 3 |  4- 6 || total
-------------------------+-------+-------++-------
Melee: Unarmed           |     9 |       ||     9
       Dagger            |    63 |    55 ||   118
 Cast: Magic Dart        |    64 |    61 ||   125
       Repel Missiles    |     1 |     1 ||     2
  Use: Scroll            |     6 |       ||     6
 Stab: Sleeping          |     1 |       ||     1
  Eat: Chunk             |     5 |     1 ||     6
       Meat ration       |       |     1 ||     1
       Pizza             |       |     1 ||     1
Armor: Robe              |     6 |       ||     6
       Leather armour    |    12 |     6 ||    18
Dodge: Dodged            |    47 |    43 ||    90
       Deflected         |       |     2 ||     2
